3A
KENNESAW JETS @ COLUMBIA RIVER RATS
06/21/2042
 
TOP OF THE 1ST
Kennesaw Jets batting - Pitching for Columbia River Rats : LHP Gil Farrell
Pitching: LHP Gil Farrell
Batting: RHB Jack Plumb 0-0: Called Strike
0-1: Ball
1-1: Foul Ball, location: 2F
1-2: Ground out 6-3 (Groundball, 6, EV 88.1 MPH)
Batting: LHB Seung-jae Kyong 0-0: Called Strike
0-1: Ball
1-1: Ball
2-1: Called Strike
2-2: Strikes out swinging
Batting: RHB Pancho Hernández 0-0: Called Strike
0-1: Called Strike
0-2: Foul Ball, location: 2F
0-2: Ball
1-2: Foul Ball, location: 2F
1-2: Strikes out swinging
Top of the 1st over - 0 runs, 0 hits, 0 errors, 0 left on base; Kennesaw 0 - Columbia 0
BOTTOM OF THE 1ST
Columbia River Rats batting - Pitching for Kennesaw Jets : LHP Pete Miller
Pitching: LHP Pete Miller
Batting: RHB Robinson Vargas 0-0: Foul Ball, location: 2F
0-1: Called Strike
0-2: Strikes out swinging
Batting: RHB Gregor Lennox 0-0: Ball
1-0: Foul Ball, location: 2F
1-1: Called Strike
1-2: Ball
2-2: Ball
3-2: Foul Ball, location: 2F
3-2: Base on Balls
Batting: LHB Amani Marwan 0-0: Foul Ball, location: 2F
0-1: Called Strike
0-2: Foul Ball, location: 2F
0-2: Strikes out swinging
Batting: RHB Guillermo Alemán 0-0: Foul Ball, location: 2F
0-1: SINGLE (Groundball, 4MD, EV 94.4 MPH)
Gregor Lennox to second
Runner from 2nd tries for 3rd, SAFE, throw by CF made to third
Batting: LHB Juan Sapinoso 0-0: Fly out, F8 (Flyball, 8LM, EV 90.0 MPH)
Bottom of the 1st over - 0 runs, 1 hit, 0 errors, 2 left on base; Kennesaw 0 - Columbia 0
TOP OF THE 2ND
Kennesaw Jets batting - Pitching for Columbia River Rats : LHP Gil Farrell
Batting: RHB Rubén Nuañez 0-0: Fly out, F8 (Flyball, 8RM, EV 83.1 MPH)
Batting: RHB Will Gamble 0-0: Ball
1-0: Called Strike
1-1: Ground out 1-3 (Groundball, P, EV 93.8 MPH)
Batting: RHB Maurice Wrightson 0-0: Foul Ball, location: 2F
0-1: Ball
1-1: DOUBLE (Line Drive, 7LM, EV 106.2 MPH)
Batting: LHB Steve Hodge 0-0: Swinging Strike
0-1: Ball
Passed Ball!
Maurice Wrightson to third
1-1: Foul Ball, location: 2F
1-2: Ball
2-2: SINGLE (Groundball, 5D, EV 96.9 MPH)
Maurice Wrightson scores
Batting: RHB Pepe Rodríguez 0-0: Called Strike
0-1: Swinging Strike
0-2: Strikes out swinging
Top of the 2nd over - 1 run, 2 hits, 0 errors, 1 left on base; Kennesaw 1 - Columbia 0
BOTTOM OF THE 2ND
Columbia River Rats batting - Pitching for Kennesaw Jets : LHP Pete Miller
Batting: RHB Jim Abare 0-0: Swinging Strike
0-1: Fly out, F9 (Flyball, 9LS, EV 89.4 MPH)
Batting: SHB George McMahon 0-0: Ball
1-0: Ball
2-0: Ball
3-0: Base on Balls
Batting: RHB Michael Lindsey 0-0: Fly out, F6 (Popup, 4M, EV 65.0 MPH)
Batting: RHB Fernando Castro 0-0: SINGLE (Groundball, 4MD, EV 106.2 MPH)
George McMahon to second
Batting: RHB Robinson Vargas 0-0: Ball
1-0: DOUBLE (Groundball, 5L, EV 101.9 MPH)
George McMahon scores
Fernando Castro to third
Runner from 3rd tries for Home, SAFE, no throw by LF
Batting: RHB Gregor Lennox 0-0: Swinging Strike
0-1: Ball
1-1: Ball
2-1: Called Strike
2-2: Strikes out swinging
Bottom of the 2nd over - 2 runs, 2 hits, 0 errors, 1 left on base; Kennesaw 1 - Columbia 2
TOP OF THE 3RD
Kennesaw Jets batting - Pitching for Columbia River Rats : LHP Gil Farrell
Batting: RHB Wally Harrison 0-0: Ball
1-0: Ground out 3-1 (Groundball, 34S, EV 83.1 MPH)
Batting: RHB Jack Plumb 0-0: Ball
1-0: Ground out 1-3 (Groundball, P, EV 83.1 MPH)
Batting: LHB Seung-jae Kyong 0-0: Called Strike
0-1: SINGLE (Groundball, 4MD, EV 99.4 MPH)
Batting: RHB Pancho Hernández 0-0: Ball
1-0: Ball
2-0: Ball
3-0: Called Strike
3-1: Called Strike
3-2: Base on Balls
Seung-jae Kyong to second
Batting: RHB Rubén Nuañez 0-0: Ball
1-0: Swinging Strike
1-1: SINGLE (Groundball, 4MD, EV 99.4 MPH)
Seung-jae Kyong to third
Pancho Hernández to second
Runner from 3rd tries for Home, SAFE, throw by CF to home
Batting: RHB Will Gamble 0-0: SINGLE (Flyball, 89S, EV 96.9 MPH)
Pancho Hernández to third
Rubén Nuañez to second
Runner from 3rd tries for Home, SAFE, no throw by RF
Batting: RHB Maurice Wrightson 0-0: Fly out, F8 (Line Drive, 8LD, EV 105.6 MPH)
Top of the 3rd over - 2 runs, 3 hits, 0 errors, 2 left on base; Kennesaw 3 - Columbia 2
BOTTOM OF THE 3RD
Columbia River Rats batting - Pitching for Kennesaw Jets : LHP Pete Miller
Batting: LHB Amani Marwan 0-0: Swinging Strike
0-1: Swinging Strike
0-2: Ball
1-2: Foul Ball, location: 2F
1-2: Ball
2-2: Ball
3-2: SINGLE (Groundball, 34D, EV 106.2 MPH)
Batting: RHB Guillermo Alemán 0-0: Foul Ball, location: 2F
0-1: Called Strike
0-2: Ball
1-2: Ball
2-2: Fly out, F8 (Flyball, 8LD, EV 101.9 MPH)
Batting: LHB Juan Sapinoso 0-0: Ball
1-0: Swinging Strike
1-1: Ball
2-1: Foul Ball, location: 2F
2-2: Ball
3-2: Base on Balls
Amani Marwan to second
Batting: RHB Jim Abare 0-0: Swinging Strike
0-1: Fly out, F9 (Flyball, 9S, EV 91.9 MPH)
Batting: SHB George McMahon 0-0: SINGLE (Flyball, 78S, EV 94.4 MPH)
Amani Marwan to third
Juan Sapinoso to second
Runner from 3rd tries for Home, SAFE, no throw by LF
Batting: RHB Michael Lindsey 0-0: Ball
1-0: Ball
2-0: Ball
3-0: Swinging Strike
3-1: Fly out, F7 (Flyball, 7LMF, EV 93.8 MPH)
Bottom of the 3rd over - 1 run, 2 hits, 0 errors, 2 left on base; Kennesaw 3 - Columbia 3
TOP OF THE 4TH
Kennesaw Jets batting - Pitching for Columbia River Rats : LHP Gil Farrell
Batting: LHB Steve Hodge 0-0: Called Strike
0-1: Called Strike
0-2: Strikes out looking
Batting: RHB Pepe Rodríguez 0-0: Foul Ball, location: 2F
0-1: Ground out 6-3 (Groundball, 6M, EV 85.0 MPH)
Batting: RHB Wally Harrison 0-0: Ball
1-0: Ground out 4-3 (Groundball, 4, EV 88.8 MPH)
Top of the 4th over - 0 runs, 0 hits, 0 errors, 0 left on base; Kennesaw 3 - Columbia 3
BOTTOM OF THE 4TH
Columbia River Rats batting - Pitching for Kennesaw Jets : LHP Pete Miller
Batting: RHB Fernando Castro 0-0: Swinging Strike
0-1: Called Strike
0-2: Fly out, F8 (Flyball, 8LD, EV 81.2 MPH)
Batting: RHB Robinson Vargas 0-0: Ball
1-0: Foul Ball, location: 2F
1-1: Foul Ball, location: 2F
1-2: Ball
2-2: Ball
3-2: Ground out 1-3 (Groundball, P, EV 70.0 MPH)
Batting: RHB Gregor Lennox 0-0: Ball
1-0: Fly out, F7 (Flyball, 78M, EV 78.8 MPH)
Bottom of the 4th over - 0 runs, 0 hits, 0 errors, 0 left on base; Kennesaw 3 - Columbia 3
TOP OF THE 5TH
Kennesaw Jets batting - Pitching for Columbia River Rats : LHP Gil Farrell
Batting: RHB Jack Plumb 0-0: Ground out 5-3 (Groundball, 5S, EV 73.8 MPH)
Batting: LHB Seung-jae Kyong 0-0: Foul Ball, location: 2F
0-1: Foul Ball, location: 2F
0-2: Ball
1-2: Ball
2-2: Foul Ball, location: 2F
2-2: Fly out, F8 (Flyball, 8LXD, EV 104.4 MPH)
Batting: RHB Pancho Hernández 0-0: Ball
1-0: Called Strike
1-1: SINGLE (Groundball, 5, EV 109.4 MPH) (infield hit)
Batting: RHB Rubén Nuañez 0-0: Ball
1-0: Fielders Choice at 2nd, 6-4 (Groundball, 6, EV 80.0 MPH)
Top of the 5th over - 0 runs, 1 hit, 0 errors, 1 left on base; Kennesaw 3 - Columbia 3
BOTTOM OF THE 5TH
Columbia River Rats batting - Pitching for Kennesaw Jets : LHP Pete Miller
Batting: LHB Amani Marwan 0-0: Ball
1-0: Ground out 4-3 (Groundball, 4, EV 101.2 MPH)
Batting: RHB Guillermo Alemán 0-0: Hit by Pitch
Batting: LHB Juan Sapinoso 0-0: Ball
1-0: Ball
2-0: DOUBLE (Groundball, 3L, EV 105.0 MPH)
Guillermo Alemán to third
Runner from 3rd tries for Home, SAFE, throw by RF to trailing runner, OUT at third! 9-4-5
Batting: RHB Jim Abare 0-0: Ball
1-0: Swinging Strike
1-1: Ball
2-1: Ball
3-1: Base on Balls
Batting: SHB George McMahon 0-0: Reached on error, E6 (Groundball, 6, EV 91.2 MPH)
Jim Abare to second
Batting: RHB Michael Lindsey 0-0: Ball
1-0: Ball
2-0: Called Strike
2-1: Swinging Strike
2-2: Fly out, F7 (Flyball, 7LS, EV 83.1 MPH)
Bottom of the 5th over - 1 run, 1 hit, 1 error, 2 left on base; Kennesaw 3 - Columbia 4
TOP OF THE 6TH
Kennesaw Jets batting - Pitching for Columbia River Rats : LHP Gil Farrell
Batting: RHB Will Gamble 0-0: Called Strike
0-1: Swinging Strike
0-2: Strikes out swinging
Batting: RHB Maurice Wrightson 0-0: Called Strike
0-1: Ball
1-1: Called Strike
1-2: SOLO HOME RUN (Flyball, 7D, EV 87.5 MPH), Distance : 410 ft
Batting: LHB Steve Hodge 0-0: Called Strike
0-1: Ball
1-1: Ball
2-1: Ball
3-1: Base on Balls
Batting: RHB Pepe Rodríguez 0-0: DOUBLE (Line Drive, 9LM, EV 99.4 MPH)
Steve Hodge to third
Runner from 3rd tries for Home, SAFE, throw by RF to trailing runner, SAFE at third!
Pitching: RHP Ramón Vázquez
Batting: RHB Wally Harrison 0-0: Foul Ball, location: 2F
0-1: Fly out, F1 (Line Drive, P, EV 71.2 MPH)
Batting: RHB Jack Plumb 0-0: Ball
1-0: Swinging Strike
1-1: Ball
2-1: Ball
3-1: Foul Ball, location: 2F
3-2: Fly out, F9 (Flyball, 9, EV 78.8 MPH)
Top of the 6th over - 2 runs, 2 hits, 0 errors, 1 left on base; Kennesaw 5 - Columbia 4
BOTTOM OF THE 6TH
Columbia River Rats batting - Pitching for Kennesaw Jets : LHP Pete Miller
Batting: RHB Fernando Castro 0-0: Called Strike
0-1: Ball
1-1: Ball
2-1: Swinging Strike
2-2: Ball
3-2: Foul Ball, location: 2F
3-2: Foul Ball, location: 2F
3-2: Foul Ball, location: 2F
3-2: Strikes out looking
Batting: RHB Robinson Vargas 0-0: Foul Ball, location: 2F
0-1: Fly out, F4 (Popup, 4, EV 75.0 MPH)
Batting: RHB Gregor Lennox 0-0: Ball
1-0: Foul Ball, location: 2F
1-1: DOUBLE (Flyball, 78D, EV 91.2 MPH)
Batting: LHB Amani Marwan 0-0: Ball
1-0: Ball
2-0: Called Strike
2-1: DOUBLE (Line Drive, 9LS, EV 103.8 MPH)
Gregor Lennox scores
Pitching: RHP Ross Vinyard
Batting: RHB Guillermo Alemán 0-0: Ball
1-0: Fly out, F7 (Flyball, 78S, EV 91.2 MPH)
Bottom of the 6th over - 1 run, 2 hits, 0 errors, 1 left on base; Kennesaw 5 - Columbia 5
TOP OF THE 7TH
Kennesaw Jets batting - Pitching for Columbia River Rats : RHP Ramón Vázquez
Batting: LHB Seung-jae Kyong 0-0: SINGLE (Groundball, 34D, EV 105.0 MPH)
Batting: RHB Pancho Hernández 0-0: Called Strike
0-1: Foul Ball, location: 2F
0-2: Ball
1-2: Grounds into double play, 5-4-3 (Groundball, 56, EV 101.9 MPH)
Batting: RHB Rubén Nuañez 0-0: Fly out, F7 (Flyball, 7LS, EV 91.2 MPH)
Top of the 7th over - 0 runs, 1 hit, 0 errors, 0 left on base; Kennesaw 5 - Columbia 5
BOTTOM OF THE 7TH
Columbia River Rats batting - Pitching for Kennesaw Jets : RHP Ross Vinyard
Batting: LHB Juan Sapinoso 0-0: Swinging Strike
0-1: Ball
1-1: Foul Ball, location: 2F
1-2: Ball
2-2: Strikes out swinging
Batting: RHB Jim Abare 0-0: Called Strike
0-1: Called Strike
0-2: Ball
1-2: Ball
2-2: Ball
3-2: Strikes out swinging
Batting: SHB George McMahon 0-0: Called Strike
0-1: Foul Ball, location: 2F
0-2: Ball
1-2: Foul Ball, location: 2F
1-2: Ball
2-2: Foul Ball, location: 2F
2-2: Fly out, F9 (Flyball, 9, EV 89.4 MPH)
Bottom of the 7th over - 0 runs, 0 hits, 0 errors, 0 left on base; Kennesaw 5 - Columbia 5
TOP OF THE 8TH
Kennesaw Jets batting - Pitching for Columbia River Rats : RHP Ramón Vázquez
Batting: RHB Will Gamble 0-0: Called Strike
0-1: Ball
1-1: Swinging Strike
1-2: Strikes out swinging
Batting: RHB Maurice Wrightson 0-0: Ball
1-0: Called Strike
1-1: Swinging Strike
1-2: Strikes out swinging
Batting: LHB Steve Hodge 0-0: Ball
1-0: Called Strike
1-1: Ball
2-1: Ball
3-1: Base on Balls
Batting: RHB Pepe Rodríguez 0-0: Fly out, F9 (Flyball, 89S, EV 85.6 MPH)
Top of the 8th over - 0 runs, 0 hits, 0 errors, 1 left on base; Kennesaw 5 - Columbia 5
BOTTOM OF THE 8TH
Columbia River Rats batting - Pitching for Kennesaw Jets : RHP Ross Vinyard
Batting: RHB Michael Lindsey 0-0: Called Strike
0-1: Ball
1-1: Called Strike
1-2: Strikes out swinging
Batting: RHB Fernando Castro 0-0: Foul Ball, location: 2F
0-1: Ground out 3-1 (Groundball, 34S, EV 85.6 MPH)
Batting: RHB Robinson Vargas 0-0: Ball
1-0: Ball
2-0: Ball
3-0: Base on Balls
Batting: RHB Gregor Lennox 0-0: Ball
Robinson Vargas steals 2nd base
1-0: Swinging Strike
1-1: Ball
2-1: Ball
3-1: Base on Balls
Batting: LHB Amani Marwan 0-0: Called Strike
0-1: Foul Ball, location: 2F
0-2: Ball
1-2: Ground out 4-3 (Groundball, 4, EV 93.8 MPH)
Bottom of the 8th over - 0 runs, 0 hits, 0 errors, 2 left on base; Kennesaw 5 - Columbia 5
TOP OF THE 9TH
Kennesaw Jets batting - Pitching for Columbia River Rats : RHP Ramón Vázquez
Pitching: RHP Kamiel Wabeke
Batting: RHB Wally Harrison 0-0: SINGLE (Groundball, 4MD, EV 106.9 MPH)
Batting: RHB Jack Plumb 0-0: Sac Bunt to 15 - play at first, batter OUT! 1-4
Wally Harrison to second
Batting: LHB Seung-jae Kyong 0-0: Called Strike
0-1: Ball
1-1: Called Strike
1-2: Strikes out looking
Batting: RHB Pancho Hernández 0-0: Foul Ball, location: 2F
0-1: SINGLE (Flyball, 56D, EV 98.8 MPH)
Wally Harrison to third
Runner from 3rd tries for Home, SAFE, throw by LF to home
Batting: RHB Rubén Nuañez 0-0: Ball
1-0: Foul Ball, location: 2F
1-1: Called Strike
1-2: Ball
2-2: Fly out, F8 (Flyball, 89M, EV 76.2 MPH)
Top of the 9th over - 1 run, 2 hits, 0 errors, 1 left on base; Kennesaw 6 - Columbia 5
BOTTOM OF THE 9TH
Columbia River Rats batting - Pitching for Kennesaw Jets : RHP Ross Vinyard
Pitching: LHP José Correa
Now in RF: Scotty Forrest
Batting: RHB Guillermo Alemán 0-0: Ball
1-0: Foul Ball, location: 2F
1-1: Foul Ball, location: 2F
1-2: Ball
2-2: Foul Ball, location: 2F
2-2: Strikes out swinging
Batting: LHB Juan Sapinoso 0-0: Called Strike
0-1: Ball
1-1: Ball
2-1: Foul Ball, location: 2F
2-2: Foul Ball, location: 2F
2-2: Foul Ball, location: 2F
2-2: Foul Ball, location: 2F
2-2: Strikes out swinging
Batting: RHB Jim Abare 0-0: Ball
1-0: Fly out, F8 (Flyball, 89S, EV 73.8 MPH)
Bottom of the 9th over - 0 runs, 0 hits, 0 errors, 0 left on base; Kennesaw 6 - Columbia 5
Friday, March 26th, 2021 - OOTP Baseball 20.8 Build 74